TOP OF THE 1ST |
Surrey Sinners batting - Pitching for Chula Vista Tacos : RHP Kitahachi Ine
|
Pitching: RHP Kitahachi Ine
|
|
Batting: RHB Jesús Hernández
|
0-0: Called Strike 0-1: Swinging Strike 0-2: Ball 1-2: Ground out 6-3 (Groundball, 6)
|
Batting: RHB Jesús Gonzáles
|
0-0: Called Strike 0-1: Called Strike 0-2: Foul Ball, location: 2F 0-2: Ball 1-2: Strikes out swinging
|
Batting: LHB Nick English
|
0-0: Called Strike 0-1: Ball 1-1: Called Strike 1-2: Ground out 4-3 (Groundball, 34)
|
Top of the 1st over - 0 run(s), 0 hit(s), 0 error(s), 0 left on base; Surrey 0 - Chula Vista 0 |
BOTTOM OF THE 1ST |
Chula Vista Tacos batting - Pitching for Surrey Sinners : RHP Guy Smith
|
Pitching: RHP Guy Smith
|
|
Batting: RHB Kevin Brown
|
0-0: DOUBLE (Groundball, 5L)
|
Batting: SHB Adrián Nieto
|
0-0: Foul Ball, location: 2F 0-1: Called Strike 0-2: SINGLE (Flyball, 89M) Kevin Brown to third
|
Batting: LHB Mario Olivares
|
0-0: Ball 1-0: Ball 2-0: Fly out, F5 (Line Drive, 56)
|
Batting: RHB Scott Green
|
0-0: Ball 1-0: Grounds into double play, 5-4-3 (Groundball, 56)
|
Bottom of the 1st over - 0 run(s), 2 hit(s), 0 error(s), 1 left on base; Surrey 0 - Chula Vista 0 |
TOP OF THE 2ND |
Surrey Sinners batting - Pitching for Chula Vista Tacos : RHP Kitahachi Ine
|
Batting: RHB César Osequedo
|
0-0: Ground out 4-3 (Groundball, 4M)
|
Batting: RHB Cooper Richard
|
0-0: Called Strike 0-1: Called Strike 0-2: Foul Ball, location: 2F 0-2: Strikes out swinging
|
Batting: RHB Bill Little
|
0-0: Swinging Strike 0-1: Swinging Strike 0-2: Foul Ball, location: 2F 0-2: Strikes out swinging
|
Top of the 2nd over - 0 run(s), 0 hit(s), 0 error(s), 0 left on base; Surrey 0 - Chula Vista 0 |
BOTTOM OF THE 2ND |
Chula Vista Tacos batting - Pitching for Surrey Sinners : RHP Guy Smith
|
Batting: RHB Doug Brown
|
0-0: Ball 1-0: Swinging Strike 1-1: Foul Ball, location: 2F 1-2: Foul Ball, location: 2F 1-2: Ball 2-2: Foul Ball, location: 2F 2-2: Ball 3-2: Strikes out swinging
|
Batting: LHB José Torres
|
0-0: SINGLE (Line Drive, 78S)
|
Batting: RHB John Nelson
|
0-0: Ball 1-0: Ball 2-0: Fielders Choice at 2nd, 6-4 (Groundball, 56)
|
Batting: RHB Luis Martínez
|
0-0: Called Strike 0-1: Ball 1-1: Called Strike 1-2: Ball 2-2: Strikes out swinging
|
Bottom of the 2nd over - 0 run(s), 1 hit(s), 0 error(s), 1 left on base; Surrey 0 - Chula Vista 0 |
TOP OF THE 3RD |
Surrey Sinners batting - Pitching for Chula Vista Tacos : RHP Kitahachi Ine
|
Batting: LHB Richard Bell
|
0-0: Called Strike 0-1: Fly out, F8 (Flyball, 78M)
|
Batting: LHB Larry Howard
|
0-0: SINGLE (Groundball, 34D)
|
Batting: LHB Edmund Ross
|
0-0: SINGLE (Groundball, 34S) (infield hit) Larry Howard to second
|
Batting: RHB Jesús Hernández
|
0-0: Swinging Strike 0-1: Ball 1-1: Foul Ball, location: 2F 1-2: Foul Ball, location: 2F 1-2: Ball 2-2: Strikes out swinging
|
Batting: RHB Jesús Gonzáles
|
0-0: Foul Ball, location: 2F 0-1: Foul Ball, location: 2F 0-2: Foul Ball, location: 2F 0-2: Foul Ball, location: 2F 0-2: Fly out, F2 (Popup, 2RF)
|
Top of the 3rd over - 0 run(s), 2 hit(s), 0 error(s), 2 left on base; Surrey 0 - Chula Vista 0 |
BOTTOM OF THE 3RD |
Chula Vista Tacos batting - Pitching for Surrey Sinners : RHP Guy Smith
|
Batting: LHB Jaime Icaza
|
0-0: Fly out, F8 (Flyball, 8LM)
|
Batting: RHB Kevin Brown
|
0-0: Swinging Strike 0-1: Swinging Strike 0-2: Foul Ball, location: 2F 0-2: Foul Ball, location: 2F 0-2: Fly out, F9 (Flyball, 9M)
|
Batting: SHB Adrián Nieto
|
0-0: Ground out U3 (Groundball, 3S)
|
Bottom of the 3rd over - 0 run(s), 0 hit(s), 0 error(s), 0 left on base; Surrey 0 - Chula Vista 0 |
TOP OF THE 4TH |
Surrey Sinners batting - Pitching for Chula Vista Tacos : RHP Kitahachi Ine
|
Batting: LHB Nick English
|
0-0: Ball 1-0: Ground out 4-3 (Groundball, 4)
|
Batting: RHB César Osequedo
|
0-0: Ball 1-0: Called Strike 1-1: Swinging Strike 1-2: Ground out 6-3 (Groundball, 6)
|
Batting: RHB Cooper Richard
|
0-0: Called Strike 0-1: Foul Ball, location: 2F 0-2: Ball 1-2: Strikes out swinging
|
Top of the 4th over - 0 run(s), 0 hit(s), 0 error(s), 0 left on base; Surrey 0 - Chula Vista 0 |
BOTTOM OF THE 4TH |
Chula Vista Tacos batting - Pitching for Surrey Sinners : RHP Guy Smith
|
Batting: LHB Mario Olivares
|
0-0: Swinging Strike 0-1: Ball 1-1: Foul Ball, location: 2F 1-2: Ground out 6-3 (Groundball, 6MS)
|
Batting: RHB Scott Green
|
0-0: Foul Ball, location: 2F 0-1: Swinging Strike 0-2: Strikes out swinging
|
Batting: RHB Doug Brown
|
0-0: SINGLE (Groundball, 56D)
|
Batting: LHB José Torres
|
0-0: Foul Ball, location: 2F 0-1: Ball 1-1: Foul Ball, location: 2F 1-2: Ball 2-2: Foul Ball, location: 2F 2-2: Foul Ball, location: 2F 2-2: Strikes out swinging
|
Bottom of the 4th over - 0 run(s), 1 hit(s), 0 error(s), 1 left on base; Surrey 0 - Chula Vista 0 |
TOP OF THE 5TH |
Surrey Sinners batting - Pitching for Chula Vista Tacos : RHP Kitahachi Ine
|
Batting: RHB Bill Little
|
0-0: Foul Ball, location: 2F 0-1: Ball 1-1: Ball 2-1: Swinging Strike 2-2: Foul Ball, location: 2F 2-2: DOUBLE (Line Drive, 89M)
|
Batting: LHB Richard Bell
|
0-0: Called Strike 0-1: Swinging Strike 0-2: Ball 1-2: Strikes out looking
|
Batting: LHB Larry Howard
|
0-0: Called Strike 0-1: Ball 1-1: Foul Ball, location: 2F 1-2: Foul Ball, location: 2F 1-2: Ball 2-2: Foul Ball, location: 2F 2-2: Strikes out swinging
|
Batting: LHB Edmund Ross
|
0-0: Ball 1-0: Called Strike 1-1: Swinging Strike 1-2: Foul Ball, location: 2F 1-2: SINGLE (Groundball, 6M) Bill Little to third Runner from 3rd tries for Home, SAFE, no throw or cutoff
|
Batting: RHB Jesús Hernández
|
0-0: Fly out, F9 (Flyball, 89M)
|
Top of the 5th over - 1 run(s), 2 hit(s), 0 error(s), 1 left on base; Surrey 1 - Chula Vista 0 |
BOTTOM OF THE 5TH |
Chula Vista Tacos batting - Pitching for Surrey Sinners : RHP Guy Smith
|
Batting: RHB John Nelson
|
0-0: Called Strike 0-1: Ball 1-1: Ball 2-1: Ground out 6-3 (Groundball, 6)
|
Batting: RHB Luis Martínez
|
0-0: Ball 1-0: Ball 2-0: Called Strike 2-1: Foul Ball, location: 2F 2-2: Strikes out swinging
|
Batting: LHB Jaime Icaza
|
0-0: Ball 1-0: Ball 2-0: Ball 3-0: Base on Balls
|
Batting: RHB Kevin Brown
|
0-0: Called Strike 0-1: Ground out 5-3 (Groundball, 5S)
|
Bottom of the 5th over - 0 run(s), 0 hit(s), 0 error(s), 1 left on base; Surrey 1 - Chula Vista 0 |
TOP OF THE 6TH |
Surrey Sinners batting - Pitching for Chula Vista Tacos : RHP Kitahachi Ine
|
Batting: RHB Jesús Gonzáles
|
0-0: Called Strike 0-1: DOUBLE (Groundball, 5D)
|
Batting: LHB Nick English
|
0-0: Intentional Walk
|
Batting: RHB César Osequedo
|
0-0: Called Strike 0-1: Called Strike 0-2: Ball 1-2: Strikes out swinging
|
Batting: RHB Cooper Richard
|
0-0: Called Strike 0-1: Ball 1-1: Foul Ball, location: 2F 1-2: Ball 2-2: Foul Ball, location: 2F 2-2: Foul Ball, location: 2F 2-2: Ball 3-2: Fly out, F5 (Line Drive, 5)
|
Pitching: RHP Francis Carney
|
|
Batting: RHB Bill Little
|
0-0: Called Strike 0-1: Swinging Strike 0-2: Strikes out looking
|
Top of the 6th over - 0 run(s), 1 hit(s), 0 error(s), 2 left on base; Surrey 1 - Chula Vista 0 |
BOTTOM OF THE 6TH |
Chula Vista Tacos batting - Pitching for Surrey Sinners : RHP Guy Smith
|
Batting: SHB Adrián Nieto
|
0-0: Called Strike 0-1: Ball 1-1: Ball 2-1: Foul Ball, location: 2F 2-2: Ball 3-2: Foul Ball, location: 2F 3-2: Fly out, F7 (Flyball, 7D)
|
Batting: LHB Mario Olivares
|
0-0: Fly out, F4 (Popup, 4D)
|
Batting: RHB Scott Green
|
0-0: DOUBLE (Line Drive, 9LM)
|
Batting: RHB Doug Brown
|
0-0: Called Strike 0-1: Ball 1-1: Ball 2-1: Foul Ball, location: 2F 2-2: Strikes out swinging
|
Bottom of the 6th over - 0 run(s), 1 hit(s), 0 error(s), 1 left on base; Surrey 1 - Chula Vista 0 |
TOP OF THE 7TH |
Surrey Sinners batting - Pitching for Chula Vista Tacos : RHP Francis Carney
|
Batting: LHB Richard Bell
|
0-0: Ball 1-0: Ball 2-0: Foul Ball, location: 2F 2-1: Foul Ball, location: 2F 2-2: SOLO HOME RUN (Line Drive, 89XD), Distance : 415 ft
|
Batting: LHB Larry Howard
|
0-0: Foul Ball, location: 2F 0-1: Ball 1-1: Foul Ball, location: 2F 1-2: Ball 2-2: Fly out, F8 (Flyball, 8RS)
|
Batting: LHB Edmund Ross
|
0-0: Ball 1-0: Ball 2-0: Ground out 1-3 (Groundball, 13)
|
Batting: RHB Jesús Hernández
|
0-0: Ball 1-0: Fly out, F7 (Flyball, 78S)
|
Top of the 7th over - 1 run(s), 1 hit(s), 0 error(s), 0 left on base; Surrey 2 - Chula Vista 0 |
BOTTOM OF THE 7TH |
Chula Vista Tacos batting - Pitching for Surrey Sinners : RHP Guy Smith
|
Batting: LHB José Torres
|
0-0: Ball 1-0: Fly out, F8 (Flyball, 8RS)
|
Batting: RHB John Nelson
|
0-0: Called Strike 0-1: Ball 1-1: Foul Ball, location: 2F 1-2: Ground out U3 (Groundball, 3)
|
Batting: RHB Luis Martínez
|
0-0: Ball 1-0: Foul Ball, location: 2F 1-1: Ball 2-1: Called Strike 2-2: Foul Ball, location: 2F 2-2: Ball 3-2: SINGLE (Flyball, 7M) - OUT at second base trying to stretch hit.
|
Bottom of the 7th over - 0 run(s), 1 hit(s), 0 error(s), 0 left on base; Surrey 2 - Chula Vista 0 |
TOP OF THE 8TH |
Surrey Sinners batting - Pitching for Chula Vista Tacos : RHP Francis Carney
|
Batting: RHB Jesús Gonzáles
|
0-0: Ball 1-0: Ball 2-0: Called Strike 2-1: Foul Ball, location: 2F 2-2: Strikes out looking
|
Batting: LHB Nick English
|
0-0: Fly out, F8 (Flyball, 78M)
|
Batting: RHB César Osequedo
|
0-0: Swinging Strike 0-1: Ball 1-1: Called Strike 1-2: Strikes out looking
|
Top of the 8th over - 0 run(s), 0 hit(s), 0 error(s), 0 left on base; Surrey 2 - Chula Vista 0 |
BOTTOM OF THE 8TH |
Chula Vista Tacos batting - Pitching for Surrey Sinners : RHP Guy Smith
|
Pitching: RHP Jesse Jones
|
|
Batting: LHB Jaime Icaza
|
0-0: Called Strike 0-1: Ball 1-1: Called Strike 1-2: Foul Ball, location: 2F 1-2: Foul Ball, location: 2F 1-2: Foul Ball, location: 2F 1-2: Ball 2-2: Ground out 4-3 (Groundball, 4)
|
Batting: RHB Kevin Brown
|
0-0: Ball 1-0: Ball 2-0: Foul Ball, location: 2F 2-1: Foul Ball, location: 2F 2-2: Ball 3-2: Strikes out swinging
|
Batting: SHB Adrián Nieto
|
0-0: Ball 1-0: Called Strike 1-1: Ball 2-1: Foul Ball, location: 2F 2-2: Strikes out swinging
|
Bottom of the 8th over - 0 run(s), 0 hit(s), 0 error(s), 0 left on base; Surrey 2 - Chula Vista 0 |
TOP OF THE 9TH |
Surrey Sinners batting - Pitching for Chula Vista Tacos : RHP Francis Carney
|
Batting: RHB Cooper Richard
|
0-0: Hit by Pitch
|
Batting: RHB Bill Little
|
0-0: Grounds into double play, 1-6-3 (Groundball, 15)
|
Batting: LHB Richard Bell
|
0-0: Called Strike 0-1: Fly out, F7 (Flyball, 7S)
|
Top of the 9th over - 0 run(s), 0 hit(s), 0 error(s), 0 left on base; Surrey 2 - Chula Vista 0 |
BOTTOM OF THE 9TH |
Chula Vista Tacos batting - Pitching for Surrey Sinners : RHP Jesse Jones
|
Pitching: LHP Artie Nelson
|
|
Batting: LHB Mario Olivares
|
0-0: Fly out, F5 (Popup, 6)
|
Batting: RHB Scott Green
|
0-0: Ball 1-0: Called Strike 1-1: Swinging Strike 1-2: Strikes out swinging
|
Batting: RHB Doug Brown
|
0-0: Ball 1-0: Ball 2-0: Ball 3-0: Called Strike 3-1: Called Strike 3-2: Foul Ball, location: 2F 3-2: Base on Balls
|
Batting: LHB José Torres
|
0-0: DOUBLE (Flyball, 89M) Doug Brown to third
|
Batting: RHB John Nelson
|
0-0: Ball 1-0: Fly out, F9 (Popup, 89S)
|
Bottom of the 9th over - 0 run(s), 1 hit(s), 0 error(s), 2 left on base; Surrey 2 - Chula Vista 0 |
|